 Dungeon Crawl Stone Soup version 0.24-a0-545-gd1b266bae6 (webtiles) character file.

Game seed: 18341729269396855884

177 Electrofox the Changer (level 5, -6/40 HPs)
             Began as a Draconian Transmuter on Aug 18, 2019.
             Mangled by an ogre
             ... wielding a +0 giant spiked club
              (22 damage)
             ... on level 3 of the Dungeon.
             The game lasted 00:28:37 (4242 turns).

Electrofox the Changer (Draconian Transmuter)       Turns: 4242, Time: 00:28:38

Health: -6/40      AC:  6    Str: 13    XL:     5   Next: 30%
Magic:  9/9        EV: 12    Int: 14    God:
Gold:   118        SH:  0    Dex: 11    Spells: 4/10 levels left

rFire    . . .     SeeInvis .     - Unarmed
rCold    . . .     Gourm    .   (no shield)
rNeg     . . .     Faith    .   (armour unavailable)
rPois    .         Spirit   .   (helmet restricted)
rElec    .         Reflect  .   (no cloak)
rCorr    .         Harm     .   o - +0 pair of gloves
MR       .....                  (no boots)
Stlth    +.........             (no amulet)
HPRegen  0.13/turn              (no ring)
MPRegen  0.11/turn              (no ring)

@: no status effects
A: unfitting armour, cold-blooded, AC +5
a: no special abilities


You were on level 3 of the Dungeon.
You were hungry.

You visited 1 branch of the dungeon, and saw 4 of its levels.

You collected 118 gold pieces.

Inventory:

Hand Weapons
 u - a +0 hunting sling
Missiles
 a - 66 arrows
 s - 27 poisoned darts (quivered)
 t - 3 curare-tipped darts
 v - 9 stones
Armour
 o - a +0 pair of gloves (worn)
Jewellery
 d - a cursed amulet of inaccuracy {unknown}
 e - an uncursed ring of flight {unknown}
 r - a +2 ring of protection {unknown}
Scrolls
 f - 2 scrolls of enchant weapon {unknown}
 i - 2 scrolls of remove curse {unknown}
 m - a scroll of fear {unknown}
 n - 3 scrolls of teleportation
 q - a scroll of amnesia {unknown}
Potions
 g - a potion of curing
 j - a potion of resistance {unknown}
 k - a potion of heal wounds {unknown}
 l - a potion of mutation {unknown}
 p - 2 potions of ambrosia
Comestibles
 c - 5 rations


   Skills:
 - Level 1.1 Fighting
 - Level 1.7 Dodging
 - Level 3.0 Unarmed Combat
 + Level 3.3 Spellcasting
 * Level 4.7 Transmutations


You had 4 spell levels left.
You knew the following spells:

 Your Spells              Type           Power        Failure   Level  Hunger
a - Beastly Appendage     Tmut           ###...       3%          1    #......
b - Sticks to Snakes      Tmut           ###.....     4%          2    ##.....
c - Spider Form           Tmut/Pois      #.........   24%         3    ###....

Your spell library contained the following spells:

 Spells                   Type           Power        Failure   Level  Hunger
 Ice Form                 Ice/Tmut       #.......     61%         4    #####..
 Blade Hands              Tmut           ###.......   63%         5    ######.


Dungeon Overview and Level Annotations

Branches:
Dungeon (4/15)
 Temple: D:4-7

Altars:
Gozag
Okawaru

Annotations:
D:2 1 runed translucent door, exclusion: 2 doors, Crazy Yiuf
D:3 exclusion: 2 doors
D:4 exclusions: bullfrog and worker ant


Innate Abilities, Weirdness & Mutations

Your plain brown scales are hard. (AC +5)
You cannot fit into any form of body armour.
You are cold-blooded and may be slowed by cold attacks.


Message History

You kill the scorpion!
You have reached level 5!
s - 26 poisoned darts (gained 1)
You see here a scorpion corpse.
You are feeling hungry.
s - 27 poisoned darts (gained 1)
The ogre shouts!
You see here a scorpion corpse.
Your transformation is almost over.
A dart slug comes into view.
There is an escape hatch in the ceiling here.
The ogre hits you but does no damage. A mysterious force pulls you upwards.
The hatch slams shut behind you.
Level annotation: exclusion: 2 doors Your talons disappear.
There is an open door here.
There is a stone staircase leading up here.
The ogre hits you with a +0 giant spiked club!!
Ouch! That really hurt!
You die...

...#.# #.#...<#.#
.#.#.#################.#.####.#
.###.................#.#......#
.# #################.#.########
.# ########..#.#.# .#
#.........#.#.# .#
#.#######.#.#.# .#
#.#...O.#.#.#.# .#
######.#.###@#.#.#.# .#
#........#####.#.#.# .#
#..............#.#.# .#
#...[...########.#.# .#
#.......'........#.# .#
#.......##########.# .#
#.....(.# ######.# .# #.......#
###......#### .# #########
#...........#


You could see an ogre.

Vanquished Creatures
  A scorpion (D:4)
  Jessica (D:2)
  2 adders (D:3)
  An ooze (D:2)
  2 worms
  3 dart slugs
  2 leopard geckos
  An orc (D:3)
  6 bats
  3 giant cockroaches
  5 goblins
  11 hobgoblins
  3 jackals (D:3)
  6 kobolds
  7 frilled lizards
  7 rats
61 creatures vanquished.

Vanquished Creatures (collateral kills)
  An adder (D:3)
  A worm (D:2)
  A jackal (D:3)
3 creatures vanquished.

Grand Total: 64 creatures vanquished

Notes
Turn   | Place    | Note
-------+----------+-------------------------------------------
     0 | D:1      | Electrofox the Draconian Transmuter began the quest for the
                  | Orb.
     0 | D:1      | Reached XP level 1. HP: 16/16 MP: 3/3
   556 | D:1      | Reached XP level 2. HP: 22/23 MP: 5/5
   952 | D:1      | Reached skill level 3 in Transmutations
  1073 | D:1      | Reached XP level 3. HP: 19/28 MP: 4/6
  1277 | D:1      | Learned a level 2 spell: Sticks to Snakes
  1597 | D:2      | Found an opulent altar of Gozag.
  1628 | D:2      | Noticed Jessica
  1706 | D:2      | Found an iron altar of Okawaru.
  2397 | D:2      | Found a runed translucent door.
  2398 | D:2      | Noticed Crazy Yiuf
  2721 | D:2      | Killed Jessica
  2721 | D:2      | Reached XP level 4. HP: 35/35 MP: 6/8
  2793 | D:3      | Reached skill level 4 in Transmutations
  3726 | D:3      | Learned a level 3 spell: Spider Form
  4026 | D:4      | Noticed a bullfrog
  4116 | D:4      | Noticed an ogre
  4191 | D:4      | Reached XP level 5. HP: 9/40 MP: 7/9
  4242 | D:3      | Mangled by an ogre

Levels and vault maps discovered:
D:1:      lemuel_arrival_muddy, layout_basic
D:2:      layout_loops_ring, zin_scriptorium, lemuel_round_altar,
          okawaru_gym_becter, first_ration, minmay_misc_feat_four_crosses,
          uniq_crazy_yiuf_cottage, uniq_jessica
D:3:      layout_basic
D:4:      layout_cave_pods, nicolae_overflow_crystal_walls, old_standard_altar

Skill      XL: |  1  2  3  4 |
---------------+-------------+-----
Transmutations | 3 4 |  4.7
Spellcasting   | 3 |  3.3
Fighting       | |  1.1
Dodging        | |  1.7
Unarmed Combat | |  3.0

Action                   |  1- 3 |  4- 6 || total
-------------------------+-------+-------++-------
Melee: Unarmed           |   144 |    85 ||   229
       Dagger            |     7 |       ||     7
       Headbutt          |     4 |       ||     4
       Tailslap          |    11 |    11 ||    22
       Kick              |    11 |     5 ||    16
       Punch             |     2 |       ||     2
Throw: Stone             |    22 |       ||    22
       Dart              |       |    26 ||    26
 Cast: Beastly Appendage |     5 |     4 ||     9
       Sticks to Snakes  |     2 |     4 ||     6
  Use: Scroll            |       |     4 ||     4
       Potion            |       |     1 ||     1
 Stab: Sleeping          |     2 |     1 ||     3
       Distracted        |       |     1 ||     1
  Eat: Chunk             |     4 |     3 ||     7
       Ration            |     1 |       ||     1
Armor: Skin              |    23 |    31 ||    54
Dodge: Dodged            |   101 |    64 ||   165

Table legend:
 A = Non-vault XP
 B = Vault XP
 C = Vault XP percentage of total XP
 D = Non-vault monster count
 E = Vault monster count
 F = Vault count percentage of total count
                 A         B        C        D         E       F
            +---------+---------+-------+---------+---------+-------
      Total |     216 |      37 |  14.6 |      63 |       1 |   1.6
            +---------+---------+-------+---------+---------+-------
        D:1 |      50 |       0 |   0.0 |      25 |       0 |   0.0
        D:2 |      29 |      37 |  56.1 |      13 |       1 |   7.1
        D:3 |      70 |       0 |   0.0 |      24 |       0 |   0.0
        D:4 |      67 |       0 |   0.0 |       1 |       0 |   0.0
            +---------+---------+-------+---------+---------+-------
